 Dungeon Crawl Stone Soup version 0.21.0-3-g78d12a8 (webtiles) character file.

237 Monsterracer the Chopper (level 5, -1/46 HPs)
             Began as a Minotaur Conjurer on Jan 16, 2018.
             Slain by Blork the orc
             ... wielding a +0 battleaxe
              (10 damage)
             ... on level 4 of the Dungeon.
             The game lasted 00:05:54 (5164 turns).

Monsterracer the Chopper (Minotaur Conjurer)        Turns: 5164, Time: 00:05:55

Health: -1/46      AC:  5    Str: 13    XL:     5   Next: 77%
Magic:  6/6        EV: 11    Int: 12    God:
Gold:   128        SH:  0    Dex: 11    Spells: 6/6 levels left

rFire    . . .     SeeInvis .   a - +0 hand axe
rCold    . . .     Gourm    .   (no shield)
rNeg     . . .     Faith    .   j - +0 ring mail
rPois    .         Spirit   .   (helmet restricted)
rElec    .         Reflect  .   (no cloak)
rCorr    .         Harm     .   (no gloves)
MR       .....                  (no boots)
Stlth    +.........             (no amulet)
HPRegen  0.15/turn              (no ring)
MPRegen  0.10/turn              (no ring)

@: no status effects
A: retaliatory headbutt, horns 2
a: no special abilities


You were on level 4 of the Dungeon.
You were hungry.

You visited 1 branch of the dungeon, and saw 4 of its levels.

You collected 128 gold pieces.

Inventory:

Hand Weapons
 a - a +0 hand axe (weapon)
 b - a +1 flail
Armour
 j - a +0 ring mail (worn)
Wands
 e - a wand of iceblast (6)
 i - a wand of paralysis (5)
Scrolls
 f - a scroll of teleportation
 k - a scroll of remove curse
Potions
 d - a potion of curing
 g - a potion of lignification
 h - a potion of heal wounds
 l - a potion of ambrosia {!q}
 n - a potion of degeneration
Books
 m - a book of Conjurations

   Spells                             Type                      Level
   a - Magic Dart                     Conjuration                  1
   b - Searing Ray                    Conjuration                  2
   c - Dazzling Spray                 Conjuration/Hexes            3
   d - Fulminant Prism                Conjuration/Hexes            4
   e - Force Lance                    Conjuration/Translocation    4
   f - Iskenderun's Mystic Blast      Conjuration                  4
Comestibles
 c - 5 rations


   Skills:
 + Level 4.2 Fighting
 * Level 4.9 Axes
 + Level 1.1 Armour
 - Level 2.1 Dodging
 - Level 1.5 Stealth
 - Level 1.3 Spellcasting
   Level 2.9 Conjurations


You had 6 spell levels left.
You didn't know any spells.

Dungeon Overview and Level Annotations

Branches:
Dungeon (4/15)
 Temple: D:4-7

Altars:
Gozag
Hepliaklqana

Annotations:
D:3 Scuka's ghost, amateur HaHu
D:4 Blork the orc


Innate Abilities, Weirdness & Mutations

You reflexively headbutt those who attack you in melee.
You have a pair of horns on your head.


Message History

You kill the quokka!
No target in view!
You now have 128 gold pieces (gained 14).
You open the door.
There is an open door here.
You open the door. You open the door.
There is an open door here.
You open the door.
c - 5 rations (gained 1)
You open the door.
There is an open door here.
There is an open door here.
p - a scroll labeled BANNASTRYFEU Health restored: 46 You open the door.
There is an open door here.
There is an open door here.
You open the door.
There is an open door here.
You open the door.
There is an open door here.
There is an open door here.
You open the door.
There is an open door here.
There is an open door here.
There is an open door here.
As you open the door, it creaks loudly!
There is an open door here.
You open the door.
Blork the orc comes into view.
He is wielding a battleaxe.
Blork the orc shouts!
There is an open door here.
Blork the orc is nearby!
As you read the scroll of identify, it crumbles to dust.
n - a potion of degeneration
As you read the scroll labeled BANNASTRYFEU, it crumbles to dust.
The scroll dissolves into smoke.
It was a scroll of fog.
Blork the orc miscasts a cantrip.
You hit Blork the orc.
Blork the orc is lightly wounded.
Blork the orc barely misses you.
You hit Blork the orc.
Blork the orc is lightly wounded.
Blork the orc hits you but does no damage.
You closely miss Blork the orc.
Blork the orc is lightly wounded.
Blork the orc hits you with a battleaxe!
You take 12 damage, and have 34/46 hp.
MASSIVE DAMAGE!!
Your ring mail prevents you from hitting Blork the orc.
You headbutt Blork the orc, but do no damage.
Blork the orc is lightly wounded.
Blork the orc hits you with a battleaxe.
You take 4 damage, and have 30/46 hp.
You closely miss Blork the orc.
Blork the orc is lightly wounded.
You slash Blork the orc!
Blork the orc is moderately wounded.
Blork the orc completely misses you.
You hit Blork the orc but do no damage. You headbutt Blork the orc!
Blork the orc is heavily wounded.
Blork the orc barely misses you.
You closely miss Blork the orc.
Blork the orc is heavily wounded.
Blork the orc closely misses you.
You closely miss Blork the orc.
Blork the orc is heavily wounded.
You are feeling hungry.
Blork the orc closely misses you. You furiously retaliate!
You headbutt Blork the orc, but do no damage.
You hit Blork the orc.
Blork the orc is severely wounded.
Blork the orc hits you but does no damage.
You closely miss Blork the orc. You headbutt Blork the orc.
Blork the orc is severely wounded.
You hit Blork the orc but do no damage.
Blork the orc is severely wounded.
Blork the orc looks encouraged for a moment.
You closely miss Blork the orc.
Blork the orc is severely wounded.
Blork the orc mumbles some strange words.
Blork the orc seems to speed up.
You slash Blork the orc!
Blork the orc is almost dead.
Blork the orc screams, "I'll break your legs!"
Blork the orc casts a spell.
Blork the orc flickers and vanishes!
Deactivating autopickup; reactivate with Ctrl-A.
Something hits you.
You take 2 damage, and have 30/46 hp.
You miss something. Something hits you.
You take 4 damage, and have 26/46 hp.
You barely miss something. Something hits you!
* * * LOW HITPOINT WARNING * * *
You take 12 damage, and have 14/46 hp.
MASSIVE DAMAGE!!
You barely miss something. Your headbutt misses something. Something hits you.
* * * LOW HITPOINT WARNING * * *
You take 6 damage, and have 8/46 hp.
Something hits you!
You die...

###'#.......#..#*####.....######.
....#.......#..#,...#.....#......
....#.......#..+,...#.....#......
>.†.#.......#..#*...#.....#'####.
##..#.......#..#*...#.........###
##..#.......#..#*...#.........#..
....#.......#..##...#.........#..
....+.......'.§§#.§.#.........#..
....#.......#..§@{..#.........#..
##..#.......#.#######.........##.
#####....#'####.......####.....##
....#....#....#..†....'..+.....#
....#....#....'.......#..#.....#
###.#....####.#.......##+#.....#
..#.##'#....#+####'#......######
..#....#....#..#...#......#
..'....#....#..'...'......#


There were no monsters in sight!

Vanquished Creatures
  An orc priest (D:3)
  A worker ant (D:4)
  Robin (D:4)
  3 gnolls (D:2)
  2 adders
  An ooze (D:1)
  An adder skeleton (D:4)
  5 worms
  5 dart slugs (D:1)
  A leopard gecko (D:1)
  4 orcs (D:3)
  2 giant cockroaches
  19 goblins
  11 hobgoblins
  2 quokkas (D:4)
  2 ball pythons (D:1)
  10 bats
  7 frilled lizards
  6 kobolds
  8 rats
92 creatures vanquished.

Notes
Turn   | Place    | Note
-------+----------+-------------------------------------------
     0 | D:1      | Monsterracer the Minotaur Conjurer began the quest for the Orb.
     0 | D:1      | Reached XP level 1. HP: 14/14 MP: 1/1
    30 | D:1      | HP: 5/14 [leopard gecko (4)]
    35 | D:1      | Reached skill level 1 in Fighting
   308 | D:1      | Reached XP level 2. HP: 23/24 MP: 3/3
   584 | D:1      | Reached skill level 1 in Axes
   923 | D:1      | Reached XP level 3. HP: 27/30 MP: 4/4
  1393 | D:2      | HP: 6/30 [worm (10)]
  1921 | D:2      | Reached XP level 4. HP: 29/38 MP: 5/5
  1929 | D:2      | HP: 18/38 [gnoll/club (6)]
  1934 | D:2      | HP: 10/38 [worm (7)]
  2231 | D:2      | HP: 14/38 [worm (10)]
  3166 | D:3      | HP: 17/39 [orc priest/hand axe (5)]
  3168 | D:3      | HP: 7/39 [orc/hand axe (2)]
  3170 | D:3      | Reached XP level 5. HP: 8/46 MP: 6/6
  3198 | D:3      | Noticed Scuka's ghost (amateur HaHu)
  3425 | D:3      | HP: 19/46 [orc/flail (9)]
  3426 | D:3      | HP: 8/46 [kobold (3)]
  3433 | D:3      | HP: 6/46 [poisoned by a kobold]
  3441 | D:3      | HP: 5/46 [poisoned by a kobold]
  3723 | D:3      | Found a hazy altar of Hepliaklqana.
  4057 | D:3      | HP: 23/46 [Scuka's ghost (3)]
  4394 | D:4      | Noticed Robin
  4409 | D:4      | HP: 19/46 [goblin/dagger of electrocution[Robin] (12)]
  4410 | D:4      | Killed Robin
  4672 | D:4      | Found an opulent altar of Gozag.
  4752 | D:4      | HP: 23/46 [worker ant (7)]
  4754 | D:4      | Reached skill level 1 in Armour
  5143 | D:4      | Noticed Blork the orc
  5161 | D:4      | HP: 14/46 [something (12)]
  5164 | D:4      | Slain by Blork the orc

Skill      XL: |  1  2  3  4  5 |
---------------+----------------+-----
Fighting       | 2 3 4 |  4.2
Axes           | 1 2 4 |  4.9
Armour         | 1 |  1.1
Dodging        | |  2.1
Stealth        | |  1.5
Spellcasting   | |  1.3
Conjurations   | |  2.9

Action                   |  1- 3 |  4- 6 || total
-------------------------+-------+-------++-------
Melee: Unarmed           |    27 |       ||    27
       Headbutt          |     8 |    27 ||    35
       Hand axe          |    69 |   174 ||   243
 Cast: Magic Dart        |     1 |       ||     1
  Use: Scroll            |       |    13 ||    13
 Stab: Sleeping          |     4 |       ||     4
  Eat: Chunk             |     3 |    10 ||    13
Armor: Robe              |    10 |       ||    10
       Ring mail         |     5 |    48 ||    53
Dodge: Dodged            |    54 |    90 ||   144

Vault maps used:
D:1:      dpeg_arrival_rooms_c
D:2:      minmay_wonky_spiral
D:3:      old_standard_altar, hex_large
D:4:      nicolae_overflow_crystal_walls, first_ration, uniq_blork_the_orc,
          uniq_robin, uniq_eustachio, uniq_natasha
